 Dungeon Crawl Stone Soup version 0.22-a0-265-g0d8bc90 (webtiles) character file.

331589 Amnesiac the Hawkeye (level 22, -7/239 (252) HPs)
             Began as an Ogre Fighter on Mar 6, 2018.
             Was the Champion of Okawaru.
             Killed from afar by a Tzitzimitl (17 damage)
             ... with a bolt of negative energy
             ... created by the effects of Hell
             ... on level 7 of Tartarus.
             The game lasted 01:33:55 (32677 turns).

Amnesiac the Hawkeye (Ogre Fighter)                Turns: 32677, Time: 01:33:56

HP:   -7/239 (252)  AC: 25    Str: 33    XL:     22   Next: 41%
MP:   20/28         EV: 10    Int:  9    God:    Okawaru [******]
Gold: 2458          SH: 30    Dex: 22    Spells: 8/21 levels left

rFire    + . .     SeeInvis +   a - +3 demon trident "Gealoywo" {pain, Dex+7}
rCold    + + +     Gourm    .   c - +10 large shield of Beogh's Envy {rCorr Dex+5 Slay-4 SInv}
rNeg     + . .     Faith    .   Q - +1 gold dragon scales
rPois    +         Spirit   .   k - +2 hat
rElec    .         Reflect  .   G - +2 cloak of Ireilooq {rC+}
rCorr    +         Harm     .   (gloves unavailable)
MR       ++...     Clarity  +   (boots unavailable)
Stlth    ..........             h - amulet of regeneration
HPRegen  0.00/turn              m - ring of positive energy
MPRegen  0.21/turn              w - ring of protection from cold

@: non-regenerating, badly diseased, drained
A: large, unfitting armour, antennae 1, thin skeletal structure 1, clarity, cold
resistance 1, tough skin 1, MP-powered wands
a: Heroism, Finesse, Renounce Religion


You were on level 7 of Tartarus.
You worshipped Okawaru.
Okawaru was exalted by your worship.
You were not hungry.

You visited 5 branches of the dungeon, and saw 29 of its levels.
You also visited: Trove and Ice Cave.

You collected 2488 gold pieces.
You spent 30 gold pieces at shops.

Inventory:

Hand Weapons
 a - the +3 demon trident "Gealoywo" (weapon) {pain, Dex+7}
   (Okawaru gifted it to you in an ice cave)

   In the hands of one skilled in necromantic magic, it inflicts extra damage on
   living creatures.
   It affects your dexterity (+7).
 I - a +6 blowgun
 R - the +12 dagger of Muozelad {distort, +Fly Int+3 Stlth-}
   (You found it on level 13 of the Dungeon)

   It warps and distorts space around it.
   Unwielding it can cause banishment or high damage.
   It affects your intelligence (+3).
   It lets you fly.
   It makes you less stealthy.
Missiles
 l - 5 steel tomahawks
 r - 5 javelins
 C - 2 poisoned tomahawks
 D - 14 curare-tipped needles
 J - 63 large rocks (quivered)
 L - 12 poisoned javelins
 O - 4 needles of paralysis
 P - 2 tomahawks
 S - 2 javelins of penetration
 U - 8 needles of frenzy
 Z - a javelin of returning
Armour
 c - the +10 large shield of Beogh's Envy (worn) {rCorr Dex+5 Slay-4 SInv}
   (You found it in a treasure trove)

   It affects your dexterity (+5).
   It affects your accuracy and damage with ranged weapons and melee attacks
   (-4).
   It lets you see invisible.
   It protects you from acid and corrosion.
 k - a +2 hat (worn)
 G - the +2 cloak of Ireilooq (worn) {rC+}
   (You found it in a treasure trove)

   It protects you from cold.
 Q - +1 gold dragon scales (worn)
Jewellery
 h - an amulet of regeneration (around neck)
 m - a ring of positive energy (left hand)
 w - a ring of protection from cold (right hand)
 z - a +2 amulet of reflection
 M - an uncursed ring of see invisible
Wands
 B - a wand of digging (29)
Scrolls
 i - 12 scrolls of remove curse {!r}
 p - 3 scrolls of magic mapping {!r}
 s - 12 scrolls of teleportation {!r}
 x - 2 scrolls of fog {!r}
 y - 4 scrolls of amnesia {!r}
 A - 5 scrolls of identify {!r}
 H - 5 scrolls of blinking {!r}
 K - 5 scrolls of fear {!r}
Potions
 d - 7 potions of might {!q}
 e - a potion of resistance {!q}
 g - 4 potions of agility {!q}
 j - 2 potions of ambrosia {!q}
 q - 3 potions of curing {!q}
 E - 2 potions of mutation {!q}
 N - a potion of magic {!q}
 T - a potion of lignification {!q}
 V - 2 potions of haste {!q}
 W - 2 potions of brilliance {!q}
 X - a potion of flight {!q}
Comestibles
 b - 2 chunks of flesh
 f - 29 rations


   Skills:
 * Level 21.6(19.8) Fighting
 - Level 7.0(5.8) Polearms
 + Level 21.9(20.1) Throwing
 + Level 12.6(11.2) Armour
 + Level 13.0(11.6) Dodging
 + Level 10.7(9.4) Shields
 - Level 8.0(6.8) Invocations


You had 8 spell levels left.
You knew the following spells:

 Your Spells              Type           Power        Failure   Level  Hunger
a - Apportation           Tloc           #.....       100%        1    ##.....
b - Poisonous Vapours     Pois/Air       #.....       100%        2    ###....
c - Ozocubu's Armour      Chrm/Ice       #.......     100%        3    ####...
d - Portal Projectile     Hex/Tloc       #.....       100%        3    ####...
e - Mephitic Cloud        Conj/Pois/Air  #.......     100%        3    ####...
z - Confusing Touch       Hex            #.....       100%        1    ##.....


Dungeon Overview and Level Annotations

Branches:
Dungeon (15/15)            Temple (1/1) D:7            Lair (0/6) D:9
    Orc (0/2) D:12         Vaults (0/5) D:13         Depths (5/5) D:15
   Hell (1/1)                 Dis (0/7) Hell            Geh (0/7) Hell
    Coc (0/7) Hell            Tar (7/7) Hell            Zot (0/5) Depths:5

Altars:
Ashenzari
Dithmenos
Fedhas
Gozag
Kikubaaqudgha
Makhleb
Nemelex Xobeh
Okawaru
Qazlal
Ru
Sif Muna
Trog
Uskayaw
Vehumet
Wu Jian
Xom
Yredelemnul
Zin
The Shining One

Shops:
D:10 ((

Portals:
Hell: Depths:1 Depths:2 Depths:3 Depths:4 Depths:5
Pandemonium: Depths:3
Ziggurat: Depths:2


Innate Abilities, Weirdness & Mutations

You are too large for most types of armour.
You have tough skin. (AC +1)
You have a pair of small antennae on your head.
You have a somewhat thin skeletal structure. (Dex +2, Stealth)
You possess an exceptional clarity of mind.
Your flesh is cold resistant. (rC+)
You expend magic power (3 MP) to strengthen your wands.


Message History

Aim: a Tzitzimitl You throw a large rock.
The large rock misses the Tzitzimitl.
The bone dragon closely misses you. You block the bone dragon's attack. x2
Throwing (i - inventory. (/) - cycle)
J - 69 large rocks (quivered)
Press: ? - help, Shift-Dir - straight line, f/p - Tzitzimitl
Aim: a Tzitzimitl You throw a large rock.
The large rock closely misses the Tzitzimitl.
You block the bone dragon's attack. x2
The bone dragon tramples you but does no damage.
Unknown command.
Throwing (i - inventory. (/) - cycle)
J - 68 large rocks (quivered)
Press: ? - help, Shift-Dir - straight line, f/p - Tzitzimitl
Aim: a Tzitzimitl You throw a large rock.
The large rock misses the Tzitzimitl.
You block the bone dragon's attack. x3
Unknown command.
Throwing (i - inventory. (/) - cycle)
J - 67 large rocks (quivered)
Press: ? - help, Shift-Dir - straight line, f/p - Tzitzimitl
Aim: a Tzitzimitl You throw a large rock.
The large rock hits the Tzitzimitl!
The Tzitzimitl is lightly wounded.
The Tzitzimitl gestures at you. The bolt of negative energy hits you!
You partially resist.
You feel drained.
* * * LOW HITPOINT WARNING * * *
Unknown command.
Throwing (i - inventory. (/) - cycle)
J - 66 large rocks (quivered)
Press: ? - help, Shift-Dir - straight line, f/p - Tzitzimitl
Aim: a Tzitzimitl (lightly wounded)
You throw a large rock. The large rock misses the Tzitzimitl.
You block the bone dragon's attack. x3; You block the Tzitzimitl's attack.
The Tzitzimitl bites you!
* * * LOW HITPOINT WARNING * * *
You feel ill.
You feel your flesh rotting away!
The bone dragon bites you but does no damage.
The bone dragon claws you but does no damage.
The bone dragon barely misses you.
Unknown command.
Throwing (i - inventory. (/) - cycle)
J - 65 large rocks (quivered)
Press: ? - help, Shift-Dir - straight line, f/p - Tzitzimitl
Aim: a Tzitzimitl (lightly wounded)
You throw a large rock. The large rock hits the Tzitzimitl!!!
The Tzitzimitl is heavily wounded.
The Tzitzimitl calls on the powers of darkness!
Your body is wracked with pain!
* * * LOW HITPOINT WARNING * * *
You block the bone dragon's attack. x2; The bone dragon closely misses you.
The Tzitzimitl calls on the powers of darkness!
Your body is wracked with pain!
* * * LOW HITPOINT WARNING * * *
Unknown command.
Okay, then.
Unknown command.
Throwing (i - inventory. (/) - cycle)
J - 64 large rocks (quivered)
Press: ? - help, Shift-Dir - straight line, f/p - Tzitzimitl
Aim: a Tzitzimitl (heavily wounded)
You throw a large rock. The large rock hits the Tzitzimitl!
The Tzitzimitl is severely wounded.
You block the bone dragon's attack.
The bone dragon claws you but does no damage.
The bone dragon misses you. The Tzitzimitl gestures at you.
The bolt of negative energy hits you! You partially resist.
You feel drained.
You die...

#..#..# #..#..# #..#..#
...... #... #..#..# ......
#... #..#..# ......###...
#..#..# ......'....####
#..#..# .....'...
#)|#####..#..#
###''#''###D@#......#[)#
##....'...#(1.'.....)#).#
......'.†.'...'....).').#
....###(..'...#......'..# .
####################..#
###.....### #..#
###....∩....### #..#
##.............### ###..#
.................######....#


You could see a bone dragon and a Tzitzimitl.

Vanquished Creatures
  A juggernaut (Depths:5)
  2 greater mummies (Depths:2)
  Geryon (Hell)
  A golden dragon (Depths:4)
  3 bone dragons
  7 Tzitzimimeh
  A doom hound (Tar:7)
  6 liches
  A titan (Depths:3)
  Murray (Hell)
  4 sphinxes
  A storm dragon (Depths:4)
  6 shadow dragons
  A draconian knight (Depths:5)
  3 fire giants
  6 frost giants
  A balrug (Tar:2)
  Aizul (Depths:3)
  A cacodemon (Hell)
  Louise (D:14)
  14 reapers
  4 draconian stormcallers (Depths:5)
  3 spriggan defenders
  9 very ugly things
  2 war gargoyles
  14 stone giants
  2 green draconians (Depths:5)
  5 vampire knights
  2 yellow draconians (Depths:5)
  A lorocyproca (Hell)
  Snorg (D:12)
  9 ettins
  A blizzard demon (Depths:5)
  3 mummy priests (Depths:2)
  6 fire dragons
  4 yaktaur captains
  3 jiangshi
  Erolcha (D:13)
  5 great orbs of eyes
  5 rakshasas
  4 hell beasts
  8 ice dragons
  4 spriggan air magi
  7 centaur warriors
  2 death knights
  4 deep troll shamans
  15 two-headed ogres
  3 ogre magi
  7 hell hogs
  A tengu warrior (Depths:3)
  A titan zombie (Tar:1)
  Urug (D:12)
  3 vampire magi
  9 spriggan berserkers
  10 soul eaters
  Nergalle (D:10)
  5 deep troll earth magi
  A deep elf knight (D:14)
  8 spriggans
  Sonja (D:13)
  4 sun demons
  2 iron golems
  A titan skeleton (Tar:6)
  6 iron trolls
  10 hell knights
  35 skeletal warriors
  A sixfirhy (Hell)
  7 shadow wraiths
  A glowing orange brain (Depths:1)
  An unseen horror (shapeshifter) (Depths:4)
  4 wizards
  3 flayed ghosts
  16 deep trolls
  A deep elf archer (D:13)
  A kraken simulacrum (Hell)
  3 unseen horrors
  A shadow dragon zombie (Tar:7)
  3 shadow demons (Tar:7)
  A golden dragon skeleton (Depths:1)
  An anaconda skeleton (Hell)
  2 orc knights
  3 phantasmal warriors
  An obsidian statue (Depths:5)
  8 necromancers
  4 deep elf magi (D:13)
  A wolf spider (D:14)
  A stone giant zombie (Hell)
  2 shining eyes (Depths:2)
  57 ugly things
  A manticore (D:13)
  4 cyclopes
  5 centaur zombies
  A salamander (Depths:5)
  10 rust devils
  2 shock serpent skeletons
  An ice statue (IceCv)
  3 centaur skeletons
  A stone giant skeleton (Depths:1)
  7 smoke demons
  3 gargoyles
  2 dire elephant skeletons
  A hellion (Depths:4)
  A komodo dragon (shapeshifter) (Depths:4)
  5 efreet
  8 ice devils
  A tormentor (Tar:7)
  3 guardian mummies (Depths:2)
  15 freezing wraiths
  15 yaktaurs
  3 tengu conjurers
  A silent spectre (Tar:1)
  2 polar bears
  2 meliai (shapeshifter)
  6 red devils
  A troll (shapeshifter) (Depths:3)
  9 hornets
  6 trolls
  2 hydra skeletons (Hell)
  A blink frog (shapeshifter) (Depths:4)
  A wolf spider simulacrum (IceCv)
  A slime creature (shapeshifter) (Depths:5)
  2 ettin zombies
  26 slime creatures
  4 hippogriffs
  A fire dragon zombie (Tar:2)
  4 shadows
  An alligator skeleton (Hell)
  2 fire dragon skeletons
  17 flying skulls
  An ettin skeleton (Depths:1)
  A water elemental (Hell)
  4 wyverns
  7 wraiths
  9 yaks
  Eustachio (D:6)
  2 deep troll skeletons (Depths:1)
  A hog (shapeshifter) (D:14)
  An ice dragon skeleton (Tar:1)
  2 hungry ghosts
  A golden eye (shapeshifter) (D:13)
  3 hogs (D:7)
  Grum (D:11)
  A human (D:7)
  6 vampire mosquitoes
  9 fire elementals
  An acid dragon (D:14)
  A water moccasin (D:8)
  A hydra simulacrum (Hell)
  A floating eye (Depths:2)
  10 hell hounds
  A spiny frog skeleton (Tar:7)
  A floating eye (shapeshifter) (D:14)
  5 sky beasts
  2 eyes of draining (D:4)
  A meliai simulacrum (D:12)
  4 orc warriors
  5 black bears (D:9)
  5 necrophages
  14 ice beasts
  An alligator simulacrum (Hell)
  11 ogres
  5 phantoms
  A snapping turtle skeleton (Hell)
  7 wolves
  12 centaurs
  5 crocodiles
  A manticore skeleton (Hell)
  2 big kobolds (Depths:4)
  7 bullfrogs
  Blork the orc (D:5)
  7 scorpions
  5 killer bees (D:13)
  7 wights
  2 electric eels (D:12)
  7 howler monkeys
  17 crimson imps
  2 bullfrog zombies
  A human zombie (Hell)
  2 draconian simulacra (IceCv)
  A quasit (D:8)
  10 jellies
  5 hounds
  7 orc priests
  2 iron imps (Depths:5)
  14 orc wizards
  A bullfrog skeleton (D:7)
  2 iguanas
  14 hell rats
  4 troll simulacra (IceCv)
  10 worker ants
  2 spriggan simulacra (IceCv)
  A wolf simulacrum (IceCv)
  2 polar bear simulacra (IceCv)
  A bullfrog simulacrum (D:12)
  9 centaur simulacra
  A hound skeleton (D:5)
  2 mummies (Depths:2)
  A worker ant zombie (D:8)
  Robin (D:2)
  15 adders
  4 naga simulacra (IceCv)
  2 ogre simulacra (IceCv)
  9 shadow imps
  29 white imps
  An ufetubus (D:11)
  17 oozes
  2 adder skeletons
  2 adder zombies (D:8)
  2 worms
  A dart slug (D:2)
  6 leopard geckos
  44 orcs
  8 bats
  3 giant cockroaches
  12 goblins (D:2)
  8 hobgoblins
  11 jackals
  9 kobolds
  2 quokkas
  2 ball pythons
  2 frilled lizards
  A giant cockroach zombie (D:6)
  A jackal skeleton (D:6)
  4 rats
  A fungus (D:9)
  5 plants (D:9)
  A tentacle (Hell)
1099 creatures vanquished.

Vanquished Creatures (others)
  An eldritch tentacle (Tar:7)
  A very ugly thing (Depths:3)
  An ice dragon (Depths:3)
  A hell hog (Depths:5)
  A yaktaur (Depths:3)
  A scorpion (D:14)
  23 fungi
  2 plants (D:9)
  4 tentacles (Hell)
35 creatures vanquished.

Grand Total: 1134 creatures vanquished

Notes
Turn   | Place    | Note
-------+----------+-------------------------------------------
     0 | D:1      | Amnesiac the Ogre Fighter began the quest for the Orb.
     0 | D:1      | Reached XP level 1. HP: 24/24 MP: 1/1
    34 | D:1      | Reached skill level 1 in Throwing
   119 | D:1      | Reached XP level 2. HP: 10/32 MP: 2/2
  1112 | D:2      | Reached XP level 3. HP: 39/39 MP: 3/3
  1527 | D:2      | Reached XP level 4. HP: 46/48 MP: 4/4
  1617 | D:2      | Noticed Robin
  1658 | D:2      | Killed Robin
  1844 | D:3      | Reached XP level 5. HP: 16/54 MP: 5/5
  2080 | D:3      | Noticed a hippogriff
  2117 | D:3      | Killed a hippogriff
  2117 | D:3      | Reached XP level 6. HP: 30/62 MP: 6/6
  2613 | D:4      | Reached XP level 7. HP: 58/71 MP: 7/7
  2710 | D:4      | Found a bloodstained altar of Trog.
  2902 | D:5      | Entered Level 5 of the Dungeon
  2902 | D:5      | Noticed Blork the orc
  2934 | D:5      | Killed Blork the orc
  3046 | D:5      | Found a blossoming altar of Fedhas.
  3096 | D:5      | Reached skill level 5 in Fighting
  3363 | D:5      | Reached XP level 8. HP: 80/81 MP: 8/8
  4019 | D:6      | Found a glowing silver altar of Zin.
  4020 | D:6      | Found a hide-covered altar of Uskayaw.
  4573 | D:6      | Noticed Eustachio
  4611 | D:6      | Killed Eustachio
  4908 | D:7      | Reached XP level 9. HP: 22/93 MP: 9/9
  5087 | D:7      | Found a staircase to the Ecumenical Temple.
  5100 | Temple   | Entered the Ecumenical Temple
  5108 | Temple   | Became a worshipper of Warmaster Okawaru
  5246 | D:7      | Reached skill level 10 in Throwing
  5292 | D:7      | Reached * piety under Okawaru
  5724 | D:8      | Noticed a two-headed ogre
  5736 | D:8      | Killed a two-headed ogre
  5736 | D:8      | Reached ** piety under Okawaru
  5736 | D:8      | Reached XP level 10. HP: 85/110 MP: 10/10
  5918 | D:8      | Reached skill level 10 in Fighting
  6548 | D:9      | Reached *** piety under Okawaru
  6861 | D:9      | Found a staircase to the Lair.
  7338 | D:9      | Noticed a two-headed ogre
  7346 | D:9      | Killed a two-headed ogre
  7346 | D:9      | Reached **** piety under Okawaru
  7365 | D:9      | Reached XP level 11. HP: 77/120 MP: 11/11
  7469 | D:9      | Reached skill level 1 in Invocations
  7523 | D:9      | Found a blossoming altar of Fedhas.
  7612 | D:9      | Found a shattered altar of Ashenzari.
  7757 | D:9      | Found an ornate altar of the Wu Jian Council.
  7983 | D:10     | Entered Level 10 of the Dungeon
  8207 | D:10     | Noticed Nergalle
  8231 | D:9      | HP: 1/120 [wyvern (18)]
  8480 | D:10     | Noticed a two-headed ogre
  8567 | D:9      | Killed a two-headed ogre
  8567 | D:9      | Received a gift from Okawaru
  8567 | D:9      | Reached skill level 5 in Invocations
  8942 | D:10     | Killed Nergalle
  8970 | D:10     | Got a translucent glaive
  9360 | D:10     | Found Vuilelyst's Weapon Shoppe.
  9363 | D:10     | Bought a +0 blowgun for 30 gold pieces
  9432 | D:10     | Found Faac Poc's Weapon Shoppe.
  9537 | D:11     | Noticed a two-headed ogre
  9667 | D:11     | Noticed Grum
  9687 | D:11     | Gained mutation: You expend magic power (3 MP) to strengthen your wands. [potion of mutation]
  9687 | D:11     | Gained mutation: You possess an exceptional clarity of mind. [potion of mutation]
  9687 | D:11     | Gained mutation: Your flesh is cold resistant. (rC+) [potion of mutation]
  9687 | D:11     | Gained mutation: You have a pair of small antennae on your head. [potion of mutation]
  9701 | D:11     | Received a gift from Okawaru
  9709 | D:11     | Killed Grum
  9886 | D:11     | Noticed a cyclops
  9892 | D:11     | Killed a cyclops
  9892 | D:11     | Reached ***** piety under Okawaru
 10013 | D:11     | Received a gift from Okawaru
 10021 | D:11     | Killed a two-headed ogre
 10073 | D:11     | Found a frozen archway.
 10132 | D:11     | Received a gift from Okawaru
 10135 | IceCv    | Entered an ice cave
 10281 | IceCv    | Reached XP level 12. HP: 126/132 MP: 18/18
 10467 | IceCv    | Reached skill level 5 in Dodging
 10467 | IceCv    | Reached skill level 5 in Shields
 10471 | IceCv    | Received a gift from Okawaru
 10602 | IceCv    | Found an ancient bone altar of Kikubaaqudgha.
 10857 | IceCv    | Received a gift from Okawaru
 10869 | IceCv    | Got a brightly glowing demon trident {god gift}
 10870 | IceCv    | Identified the +3 demon trident "Gealoywo" {pain, Dex+7} (Okawaru gifted it to you in an ice cave)
 11819 | D:12     | Found a staircase to the Orcish Mines.
 11914 | D:12     | Noticed a two-headed ogre
 11939 | D:12     | Killed a two-headed ogre
 12205 | D:12     | Noticed Urug
 12205 | D:12     | Noticed Snorg
 12417 | D:12     | Killed Urug
 12532 | D:12     | Reached XP level 13. HP: 144/144 MP: 19/19
 12838 | D:12     | Killed Snorg
 13479 | D:13     | Received a gift from Okawaru
 13556 | D:13     | Reached skill level 15 in Throwing
 13606 | D:13     | Noticed Sonja
 13625 | D:13     | Noticed Erolcha
 13635 | D:13     | Killed Erolcha
 13641 | D:13     | Killed Sonja
 13820 | D:13     | Got a transparent dagger
 13954 | D:13     | Reached ****** piety under Okawaru
 13985 | D:13     | Received a gift from Okawaru
 14218 | D:13     | Found a gate to the Vaults.
 14517 | D:13     | Found a burning altar of Makhleb.
 14900 | D:14     | Identified the +12 dagger of Muozelad {distort, +Fly Int+3 Stlth-} (You found it on level 13 of the Dungeon)
 14950 | D:14     | Gained mutation: Armour fits poorly on your strangely shaped body. [mutagenic glow]
 14967 | D:14     | Lost mutation: Armour fits poorly on your strangely shaped body. [potion of mutation]
 14967 | D:14     | Lost mutation: You possess an exceptional clarity of mind. [potion of mutation]
 14967 | D:14     | Gained mutation: You tend to lose your temper in combat. [potion of mutation]
 14967 | D:14     | Gained mutation: You evolve. [potion of mutation]
 15000 | D:14     | Gained mutation: You are clumsy. (Dex -2) [mutagenic glow]
 15046 | D:14     | Reached XP level 14. HP: 92/156 MP: 20/20
 15250 | D:14     | Learned a level 1 spell: Apportation
 15252 | D:14     | Learned a level 1 spell: Confusing Touch
 15255 | D:14     | Learned a level 2 spell: Poisonous Vapours
 15259 | D:14     | Learned a level 3 spell: Mephitic Cloud
 15263 | D:14     | Learned a level 3 spell: Ozocubu's Armour
 15384 | D:14     | Noticed Louise
 15389 | D:14     | Killed Louise
 15389 | D:14     | Received a gift from Okawaru
 15478 | D:14     | Received a gift from Okawaru
 15481 | D:14     | Got obsidian-encrusted quicksilver dragon scales {god gift}
 15492 | D:14     | Identified the quicksilver dragon scales "Gaschi" {*Slow MR+ MP-9 Str+8 Slay+6} (Okawaru gifted it to you on level 14 of the Dungeon)
 16034 | D:15     | Entered Level 15 of the Dungeon
 16075 | D:15     | Found a burning altar of Makhleb.
 16368 | D:15     | Reached skill level 15 in Fighting
 16497 | D:15     | Received a gift from Okawaru
 16657 | D:15     | Reached XP level 15. HP: 160/167 MP: 12/21
 16667 | D:15     | Received a gift from Okawaru
 16998 | D:15     | Found a staircase to the Depths.
 17217 | Depths:1 | Entered Level 1 of the Depths
 17333 | Depths:1 | Received a gift from Okawaru
 17346 | Depths:1 | Received a gift from Okawaru
 17582 | Depths:1 | Found a portal to a secret trove of treasure.
 17607 | Depths:1 | Noticed a lich
 17616 | Depths:1 | Killed a lich
 17616 | Depths:1 | Reached skill level 10 in Dodging
 17616 | Depths:1 | Reached skill level 10 in Shields
 17870 | Depths:1 | Found a gateway to Hell.
 17996 | Trove    | Entered a treasure trove
 18005 | Trove    | Got a faintly glowing cloak
 18008 | Trove    | Got twisted gold dragon scales
 18019 | Trove    | Identified the +1 gold dragon scales "Agarig" {rPois rF+ rC+ MR+ Stlth+} (You found it in a treasure trove)
 18029 | Trove    | Identified the +2 cloak of Ireilooq {rC+} (You found it in a treasure trove)
 18031 | Trove    | Got smoking shadow dragon scales
 18065 | Trove    | Got an ichor-stained robe
 18076 | Trove    | Got a faintly humming large shield
 18082 | Trove    | Identified the +10 large shield of Beogh's Envy {rCorr Dex+5 Slay-4 SInv} (You found it in a treasure trove)
 18083 | Trove    | Got a spiked cloak
 18089 | Trove    | Identified the +1 cloak of the Bard {Int+5} (You found it in a treasure trove)
 18103 | Trove    | Got a spiked shield
 18114 | Trove    | Identified the +3 shield of Nutophim {rCorr} (You found it in a treasure trove)
 18194 | Trove    | Identified the +0 shadow dragon scales of the Prince {+Inv Int+4 Stlth++++} (You found it in a treasure trove)
 18323 | Depths:2 | Reached XP level 16. HP: 170/180 MP: 22/22
 18342 | Depths:2 | Noticed a lich
 18351 | Depths:2 | Paralysed by a lich for 4 turns
 18358 | Depths:2 | Killed a lich
 18720 | Depths:2 | Noticed a sphinx
 18726 | Depths:2 | Paralysed by a sphinx for 2 turns
 18741 | Depths:2 | Killed a sphinx
 18803 | Depths:2 | Found a gateway to a ziggurat.
 18830 | Depths:2 | Paralysed by a floating eye for 3 turns
 18838 | Depths:2 | Learned a level 3 spell: Portal Projectile
 18863 | Depths:2 | Received a gift from Okawaru
 18863 | Depths:2 | Reached skill level 1 in Armour
 19014 | Depths:2 | Received a gift from Okawaru
 19061 | Depths:2 | Received a gift from Okawaru
 19105 | Depths:2 | Reached skill level 5 in Armour
 19156 | Depths:2 | Received a gift from Okawaru
 19290 | Depths:2 | Paralysed by a floating eye for 3 turns
 19297 | Depths:2 | Paralysed by a floating eye for 4 turns
 19306 | Depths:2 | Paralysed by a floating eye for 4 turns
 19315 | Depths:2 | Paralysed by a floating eye for 3 turns
 19320 | Depths:2 | Paralysed by a floating eye for 3 turns
 19336 | Depths:2 | Paralysed by a floating eye for 3 turns
 19385 | Depths:2 | Paralysed by a floating eye for 4 turns
 19390 | Depths:2 | Paralysed by a floating eye for 2 turns
 19398 | Depths:2 | Paralysed by a floating eye for 2 turns
 19407 | Depths:2 | Gained mutation: Scrolls take you a little longer to read. [a shining eye]
 19469 | Depths:2 | Noticed a greater mummy
 19977 | Depths:2 | Killed a greater mummy
 20012 | Depths:2 | Noticed a sphinx
 20017 | Depths:2 | Paralysed by a sphinx for 2 turns
 20025 | Depths:2 | Killed a sphinx
 20253 | Depths:2 | Gained mutation: Your mind is acute. (Int +2) [evolution]
 20334 | Depths:2 | Noticed a greater mummy
 20384 | Depths:2 | Killed a greater mummy
 20384 | Depths:2 | Received a gift from Okawaru
 20384 | Depths:2 | Received a gift from Okawaru
 20384 | Depths:2 | Reached XP level 17. HP: 63/193 MP: 23/23
 21010 | Depths:3 | Identified a paperback manual
 21029 | Depths:3 | Received a gift from Okawaru
 21203 | Depths:3 | Received a gift from Okawaru
 21371 | Depths:3 | Found a transporter.
 21468 | Depths:3 | Received a gift from Okawaru
 21476 | Depths:3 | Reached skill level 10 in Armour
 21592 | Depths:3 | Found a one-way gate leading to the halls of Pandemonium.
 21819 | Depths:3 | Received a gift from Okawaru
 21850 | Depths:3 | Noticed Aizul
 21877 | Depths:3 | Killed Aizul
 21909 | Depths:3 | Noticed a lich
 21921 | Depths:3 | Killed a lich
 22228 | Depths:3 | Noticed a sphinx
 22231 | Depths:3 | Noticed a titan
 22233 | Depths:3 | Noticed a sphinx
 22243 | Depths:3 | Killed a titan
 22245 | Depths:3 | Killed a sphinx
 22250 | Depths:3 | Killed a sphinx
 22263 | Depths:3 | Received a gift from Okawaru
 22387 | Depths:3 | Found a transporter.
 22395 | Depths:3 | Got a pitted lapis lazuli ring
 22409 | Depths:3 | Identified the ring "Cithuqin" {*Tele rC- Str+9 Int-4 Dex+7} (You found it on level 3 of the Depths)
 22741 | Depths:4 | Received a gift from Okawaru
 22840 | Depths:4 | Reached XP level 18. HP: 204/204 MP: 24/24
 22930 | Depths:4 | Received a gift from Okawaru
 22967 | Depths:4 | Lost mutation: You evolve. [evolution]
 22993 | Depths:4 | Noticed a lich
 22998 | Depths:4 | Killed a lich
 24846 | Depths:4 | Received a gift from Okawaru
 24937 | Depths:4 | Received a gift from Okawaru
 24954 | Depths:4 | Noticed a golden dragon
 24997 | Depths:4 | Killed a golden dragon
 25017 | Depths:4 | HP: 3/204 [golden dragon (illusionary) (15)]
 25486 | Depths:4 | Received a gift from Okawaru
 25806 | Depths:5 | Entered Level 5 of the Depths
 25835 | Depths:5 | Received a gift from Okawaru
 25859 | Depths:5 | Received a gift from Okawaru
 25947 | Depths:5 | Reached XP level 19. HP: 201/213 MP: 25/25
 25977 | Depths:5 | Received a gift from Okawaru
 26033 | Depths:5 | Received a gift from Okawaru
 26417 | Depths:5 | Noticed a bone dragon
 26424 | Depths:5 | Killed a bone dragon
 26450 | Depths:5 | Found a gate to the Realm of Zot.
 26620 | Depths:5 | Lost mutation: You tend to lose your temper in combat. [potion of mutation]
 26620 | Depths:5 | Lost mutation: You are clumsy. (Dex -2) [potion of mutation]
 26620 | Depths:5 | Lost mutation: Scrolls take you a little longer to read. [potion of mutation]
 26620 | Depths:5 | Lost mutation: Your mind is acute. (Int +2) [potion of mutation]
 26620 | Depths:5 | Gained mutation: You have a somewhat thin skeletal structure. (Dex +2, Stealth) [potion of mutation]
 26620 | Depths:5 | Gained mutation: You possess an exceptional clarity of mind. [potion of mutation]
 27144 | Depths:5 | Noticed a juggernaut
 27152 | Depths:5 | Killed a juggernaut
 27319 | Hell     | Entered the Vestibule of Hell
 27319 | Hell     | Noticed Geryon
 27330 | Hell     | Killed Geryon
 27341 | Hell     | Noticed Murray
 27353 | Hell     | Killed Murray
 27353 | Hell     | Received a gift from Okawaru
 27589 | Depths:5 | Reached XP level 20. HP: 199/226 MP: 26/26
 27590 | Depths:5 | Reached XP level 21. HP: 207/235 MP: 27/27
 28205 | Depths:5 | Received a gift from Okawaru
 30796 | Hell     | Found a gateway to the freezing wastes of Cocytus.
 30844 | Hell     | Found a gateway to the decaying netherworld of Tartarus.
 30900 | Hell     | Found a gateway to the ashen valley of Gehenna.
 30956 | Hell     | Found a gateway to the Iron City of Dis.
 31101 | Tar:1    | Entered Level 1 of Tartarus
 31345 | Tar:2    | Reached skill level 5 in Polearms
 31575 | Tar:2    | Received a gift from Okawaru
 32052 | Tar:6    | Noticed a bone dragon
 32070 | Tar:6    | Killed a bone dragon
 32070 | Tar:6    | Reached XP level 22. HP: 41/240 MP: 20/28
 32313 | Tar:7    | Entered Level 7 of Tartarus
 32490 | Tar:7    | Received a gift from Okawaru
 32580 | Tar:7    | Got a twisted war axe
 32597 | Tar:7    | Received a gift from Okawaru
 32676 | Tar:7    | HP: 10/239 [???[the effects of Hell] (5)]
 32677 | Tar:7    | Killed from afar by a Tzitzimitl

Vault maps used:
D:1:      dpeg_arrival_tiny_a
D:2:      first_ration, uniq_robin
D:3:      serial_glass, glass_columns_b, glass_columns_b
D:4:      trog_eyes_of_draining
D:5:      hangedman_decor_opposing, fedhas_altar_3, uniq_blork_the_orc
D:6:      grunt_temple_overflow_open, uniq_eustachio
D:7:      minmay_temple_entry_statues, grunt_livestock
D:9:      lemuel_coloured_pillars_altar, kennysheep_little_box,
          cheibrodos_ashenzari_chains, due_lair_maze_entry_diamond
D:10:     serial_shops, nicolae_shop_behind_doors, kennysheep_mini,
          uniq_nergalle
D:11:     serial_ice, serial_ice_b, serial_ice_n, serial_ice_a, serial_ice_c,
          portal_ice_cave_entry_imps, st_stairs_7, uniq_grum
D:12:     orc_0_dummy, serial_ice, serial_ice_l, serial_ice_m, serial_ice_o,
          serial_ice_d, uniq_urug, uniq_snorg
D:13:     hangedman_vaults_entry_quadrant_bands, lemuel_tele_altar, uniq_sonja,
          uniq_erolcha
D:14:     lemuel_slime, dk_noncrumbling_3, minmay_evil_grid, uniq_louise
D:15:     grunt_enter_depths_snipers, minmay_misc_feat_five, basic_altar
Temple:   nicolae_temple_x_marks_the_god
Depths:1: enter_trove_1, hell_entry, serial_bayou_pond_e, serial_bayou_crossing
Depths:2: ragdoll_tomb_raider, enter_ziggurat_c, kennysheep_nondescript,
          grunt_hell_entry_dis_grunt, hangedman_decor_lopped
Depths:3: gammafunk_the_bubble, pf_coc_iceberg, rand_demon_pan_entry_9,
          grunt_megastairs_3, uniq_aizul
Depths:4: nooodl_glass_maze, serial_bayou_pond_e, marbit_kobold_abyss_entry,
          hell_entry, grunt_megastairs_2
Depths:5: evilmike_zot_entry_argh, grunt_hell_entry_demonic_statue,
          kennysheep_crisscross, minmay_misc_feat_four_crosses,
          minmay_gold_behind_fungi
Tar:3:    nicolae_tar_cuneiform_three
Tar:6:    nicolae_tar_cuneiform_three
Tar:7:    tar_grunt_cathedral
Trove:    trove_armour_1
IceCv:    ice_cave_small_necro

Skill      XL: |  1  2  3  4  5  6  7  8  9 10 11 12 13 14 15 16 17 18 19 20 21 22 |
---------------+-------------------------------------------------------------------+-----
Throwing       | 1 2 3 4 6 7 9 11 12 13 14 15 16 18 19 21 | 21.9
Shields        | 3 4 6 7 9 10 | 10.7
Dodging        | 3 4 6 7 9 10 11 12 13 | 13.0
Fighting       | 5 7 9 11 13 14 15 16 18 19 20 21 | 21.6
Invocations    | 8 |  8.0
Armour         | 8 10 11 12 | 12.6
Polearms       | 7 |  7.0

Action                   |  1- 3 |  4- 6 |  7- 9 | 10-12 | 13-15 | 16-18 | 19-21 | 22-24 || total
-------------------------+-------+-------+-------+-------+-------+-------+-------+-------++-------
Melee: Trident           |   138 |    54 |     8 |       |       |       |       |       ||   200
       Dagger            |       |    62 |   311 |   309 |       |       |       |       ||   682
       Demon trident     |       |       |       |     8 |   138 |    41 |   207 |     3 ||   397
Throw: Stone             |       |    15 |    13 |   598 |   168 |    33 |    35 |       ||   862
       Large rock        |       |     2 |    33 |    43 |   401 |   731 |   506 |   164 ||  1880
       Javelin           |       |       |       |   264 |    75 |   118 |   268 |       ||   725
       Tomahawk          |       |       |       |       |    12 |    83 |    78 |       ||   173
       Throwing net      |       |       |       |       |       |       |     1 |       ||     1
Invok: Heroism           |       |       |       |     5 |     9 |     9 |     7 |     2 ||    32
       Finesse           |       |       |       |     4 |     9 |     5 |     6 |     2 ||    26
Evoke: Wand              |       |       |       |     3 |       |     3 |       |       ||     6
  Use: Scroll            |       |     8 |       |     5 |    10 |    10 |     5 |       ||    38
       Potion            |       |       |       |     5 |     1 |     2 |     2 |       ||    10
 Stab: Held in net/web   |       |       |       |       |       |       |     2 |       ||     2
  Eat: Chunk             |     2 |     4 |     7 |    18 |    10 |     4 |     1 |       ||    46
       Ration            |       |       |     1 |     1 |     4 |     4 |     5 |     2 ||    17
Armor: Robe              |    38 |    22 |    53 |    61 |       |       |       |       ||   174
       Troll leather arm |       |       |       |       |    10 |       |       |       ||    10
       Quicksilver drago |       |       |       |       |    31 |       |       |       ||    31
       Acid dragon scale |       |       |       |       |     5 |       |       |       ||     5
       Pearl dragon scal |       |       |       |       |       |    86 |       |       ||    86
       Gold dragon scale |       |       |       |       |       |    95 |   424 |    35 ||   554
Dodge: Dodged            |    48 |    41 |    65 |   131 |    88 |   137 |   232 |    28 ||   770
Block: Shield            |    59 |    44 |    42 |       |       |       |       |       ||   145
       Large shield      |       |       |   139 |   540 |   330 |   733 |  1417 |   122 ||  3281
       Reflection        |       |       |       |       |       |     8 |     6 |       ||    14

Table legend:
 A = Spawn XP
 B = Non-spawn XP
 C = Spawn XP percentage of total XP
 D = Spawn monster count
 E = Non-spawn monster count
 F = Spawn count percentage of total count
 G = Total turns spent on level
                    A         B        C        D         E        F      G
               +---------+---------+-------+---------+---------+-------+---------
         Total |       0 |  548661 |   0.0 |       0 |    1096 |   0.0 | 32677
               +---------+---------+-------+---------+---------+-------+---------
           D:1 |       0 |      23 |   0.0 |       0 |      14 |   0.0 |   955
           D:2 |       0 |      99 |   0.0 |       0 |      34 |   0.0 |   817
           D:3 |       0 |     330 |   0.0 |       0 |      13 |   0.0 |   548
           D:4 |       0 |     437 |   0.0 |       0 |      14 |   0.0 |   593
           D:5 |       0 |     643 |   0.0 |       0 |      20 |   0.0 |   936
           D:6 |       0 |     477 |   0.0 |       0 |       8 |   0.0 |   945
           D:7 |       0 |    2312 |   0.0 |       0 |      23 |   0.0 |   851
           D:8 |       0 |    1830 |   0.0 |       0 |      19 |   0.0 |   848
           D:9 |       0 |    5162 |   0.0 |       0 |      59 |   0.0 |  1919
          D:10 |       0 |    2313 |   0.0 |       0 |      21 |   0.0 |  1157
          D:11 |       0 |    8912 |   0.0 |       0 |      56 |   0.0 |  1574
          D:12 |       0 |    6833 |   0.0 |       0 |      34 |   0.0 |  1105
          D:13 |       0 |   13516 |   0.0 |       0 |      48 |   0.0 |  1619
          D:14 |       0 |   20033 |   0.0 |       0 |      75 |   0.0 |  1266
          D:15 |       0 |   24787 |   0.0 |       0 |      55 |   0.0 |  1183
      Depths:1 |       0 |   33358 |   0.0 |       0 |      46 |   0.0 |  1187
      Depths:2 |       0 |   60709 |   0.0 |       0 |      58 |   0.0 |  2494
      Depths:3 |       0 |   43932 |   0.0 |       0 |      46 |   0.0 |  1363
      Depths:4 |       0 |   85741 |   0.0 |       0 |     118 |   0.0 |  5033
      Depths:5 |       0 |   86181 |   0.0 |       0 |     103 |   0.0 |  2818
          Hell |       0 |   36946 |   0.0 |       0 |      58 |   0.0 |   739
         Tar:1 |       0 |    9596 |   0.0 |       0 |      12 |   0.0 |   190
         Tar:2 |       0 |   25892 |   0.0 |       0 |      29 |   0.0 |   345
         Tar:3 |       0 |    4504 |   0.0 |       0 |       6 |   0.0 |    83
         Tar:4 |       0 |   10309 |   0.0 |       0 |      15 |   0.0 |   197
         Tar:6 |       0 |   22372 |   0.0 |       0 |      27 |   0.0 |   387
         Tar:7 |       0 |   35068 |   0.0 |       0 |      31 |   0.0 |   364
         IceCv |       0 |    6346 |   0.0 |       0 |      54 |   0.0 |   884
               +---------+---------+-------+---------+---------+-------+---------
